 Dungeon Crawl Stone Soup version 0.22-a0-377-g846bec1 (webtiles) character file.

35 Kairos the Shield-Bearer (level 3, 20/20 HPs)
             Began as a Vine Stalker Fighter on Apr 27, 2018.
             Quit the game on level 2 of the Dungeon.
             The game lasted 00:01:03 (789 turns).

Kairos the Shield-Bearer (Vine Stalker Fighter)      Turns: 789, Time: 00:01:04

Health: 20/20      AC:  8    Str: 19    XL:     3   Next: 33%
Magic:  4/4        EV:  7    Int:  8    God:
Gold:   24         SH:  9    Dex: 13    Spells: 2/2 levels left

rFire    . . .     SeeInvis .   a - +0 war axe
rCold    . . .     Gourm    .   c - +0 shield
rNeg     . . .     Faith    .   b - +0 scale mail
rPois    .         Spirit   +   (no helmet)
rElec    .         Reflect  .   (no cloak)
rCorr    .         Harm     .   g - +1 pair of gloves
MR       .....                  (no boots)
Stlth    ..........             (no amulet)
HPRegen  0.06/turn              (no ring)
MPRegen  0.09/turn              (no ring)

@: no status effects
A: fangs 2, magic shield, antimagic bite, no potion heal 3, rot immunity
a: no special abilities


You were on level 2 of the Dungeon.
You were not hungry.

You visited 1 branch of the dungeon, and saw 2 of its levels.

You collected 24 gold pieces.

Inventory:

Hand Weapons
 a - a +0 war axe (weapon)
Armour
 b - a +0 scale mail (worn)
 c - a +0 shield (worn)
 g - a +1 pair of gloves (worn)
 k - a +0 chain mail
Scrolls
 e - a scroll of enchant armour {unknown}
 h - 2 scrolls of identify {unknown}
Potions
 d - 2 potions of might
 i - a potion of agility {unknown}
 j - 2 potions of curing {unknown}
Comestibles
 f - 2 rations


   Skills:
 + Level 3.0 Fighting
 + Level 1.9 Axes
 + Level 2.7 Armour
 + Level 0.4 Dodging
 + Level 3.1 Shields


You had 2 spell levels left.
You didn't know any spells.

Dungeon Overview and Level Annotations

Branches:
Dungeon (2/15)

Altars:


Innate Abilities, Weirdness & Mutations

You have extremely sharp teeth.
When hurt, damage is shared between your health and your magic reserves.
Your bite disrupts and absorbs the magic of your enemies.
Potions cannot restore your health.
You are immune to rotting.


Message History

Unknown command.
No target in view!
Unknown command.
No target in view!
No target in view!
You see here a jackal corpse.
There is an open door here.
A frilled lizard comes into view.
A frilled lizard is nearby!
A frilled lizard is nearby!
A frilled lizard is nearby!
A frilled lizard is nearby!
You hit the frilled lizard.
You kill the frilled lizard!
No target in view!
No target in view!
You open the door.
Found a leather armour.
No target in view!
Are you sure you want to abandon this character and quit the game? (Confirm with "yes".)

##...## #.####
##.....## #.##
##.......#####..####
#.........##.......###
+......†..+...........
#.........##.....#.###
##.......###..#.##.#
##.....## #.......#
##.@.## ##.######
##'## #<# #.# #.# #.#
#.# #.# #.# ... #.#
... #.# [.. #.# #.#


There were no monsters in sight!

Vanquished Creatures
  A dart slug (D:1)
  A leopard gecko (D:1)
  2 giant cockroaches (D:1)
  6 goblins
  4 hobgoblins
  5 jackals
  2 kobolds
  3 bats (D:1)
  2 frilled lizards
26 creatures vanquished.

Notes
Turn   | Place    | Note
-------+----------+-------------------------------------------
     0 | D:1      | Kairos the Vine Stalker Fighter began the quest for the Orb.
     0 | D:1      | Reached XP level 1. HP: 11/11 MP: 2/2
    71 | D:1      | Reached XP level 2. HP: 14/16 MP: 3/3
   556 | D:1      | Reached XP level 3. HP: 20/20 MP: 4/4
   789 | D:2      | Quit the game

Vault maps used:
D:1:      dpeg_arrival_erosion
D:2:      uniq_sigmund

Skill      XL: |  1  2 |
---------------+-------+-----
Shields        | 3 |  3.1
Fighting       | 3 |  3.0
Axes           | |  1.9
Armour         | |  2.7
Dodging        | |  0.4

Action                   || total
-------------------------++-------
Melee: War axe           ||    59
       Bite              ||    12
Armor: Scale mail        ||    31
Dodge: Dodged            ||    21
Block: Shield            ||    27

Table legend:
 A = Spawn XP
 B = Non-spawn XP
 C = Spawn XP percentage of total XP
 D = Spawn monster count
 E = Non-spawn monster count
 F = Spawn count percentage of total count
 G = Total turns spent on level
                    A         B        C        D         E        F      G
               +---------+---------+-------+---------+---------+-------+---------
         Total |       0 |      50 |   0.0 |       0 |      26 |   0.0 |   789
               +---------+---------+-------+---------+---------+-------+---------
           D:1 |       0 |      37 |   0.0 |       0 |      19 |   0.0 |   734
           D:2 |       0 |      13 |   0.0 |       0 |       7 |   0.0 |    55
               +---------+---------+-------+---------+---------+-------+---------
